 Dungeon Crawl Stone Soup version 0.29.1-1-gd02db6906a (webtiles) character file.

Game seed: 9097091681940453680

4511 mtoz the Cleaver (level 10, -5/78 (88) HPs)
             Began as a Minotaur Gladiator on Sept 14, 2022.
             Was an Elder of Okawaru.
             Slain by a boulder beetle (20 damage)
             ... on level 8 of the Dungeon on Sept 15, 2022.
             The game lasted 00:30:45 (9135 turns).

mtoz the Cleaver (Minotaur Gladiator)               Turns: 9135, Time: 00:30:46

HP:   -5/78 (88)    AC: 18    Str: 24    XL:     10   Next: 16%
MP:   11/12         EV: 15    Int:  5    God:    Okawaru [****..]
Gold: 354           SH:  0    Dex: 11    Spells: 9/9 levels left

rFire   . . .      SeeInvis .   V - +4 battleaxe
rCold   . . .      Faith    +   (shield currently unavailable)
rNeg    . . .      Spirit   .   r - +3 ring mail
rPois   .          Reflect  .   c - +0 hat
rElec   .          Harm     .   R - +2 cloak
rCorr   .          Rampage  .   E - +1 pair of gloves
Will    .....                   J - +0 pair of boots
Stlth   ++........              u - amulet of faith
HPRegen 0.23/turn               k - ring of flight
MPRegen 0.13/turn               (no ring)

@: heroic, flying, studying Armour, heavily drained
A: horns 2, retaliatory headbutt
a: Renounce Religion, Heroism, Finesse


You were on level 8 of the Dungeon.
You worshipped Okawaru.
Okawaru was greatly pleased with you.
You visited 2 branches of the dungeon, and saw 9 of its levels.
You also visited: Sewer.

You collected 354 gold pieces.

Inventory:

Hand Weapons
 a - a +0 war axe
 p - a +0 flail
 F - a +0 mace
 Q - a +2 quarterstaff of chaos
 S - the +9 hammer "Qaofoim" {antimagic, Drain rCorr Int+10}
   (You found it on level 6 of the Dungeon)

   It reduces the magical energy of the wielder, and disrupts the spells and
   magical abilities of those it strikes.
   Natural abilities and divine invocations are not affected.
   Int:       It affects your intelligence (+10).
   rCorr:     It protects you from acid and corrosion.
   Drain:     It drains your maximum health when unequipped.
 U - a +5 halberd
 V - a +4 battleaxe (weapon)
 W - a +3 flail
 X - a +1 flail of protection
Missiles
 d - 4 throwing nets
 e - a javelin
 g - 89 stones (quivered)
 x - 22 poisoned darts
 z - 5 boomerangs
 T - 6 atropa-tipped darts
Armour
 c - a +0 hat (worn)
 r - a +3 ring mail (worn)
 E - a +1 pair of gloves (worn)
 J - a +0 pair of boots (worn)
 R - a +2 cloak (worn)
Jewellery
 k - a ring of flight (left hand)
 o - an amulet of regeneration
 u - an amulet of faith (around neck)
 K - an amulet of reflection
Wands
 G - a wand of quicksilver (7)
Scrolls
 b - a scroll of identify
 f - 2 scrolls of poison
 j - 5 scrolls of teleportation
 l - a scroll of immolation
 q - 4 scrolls of fog
 w - 3 scrolls of enchant weapon {unknown}
 y - 3 scrolls of blinking {unknown}
 A - a scroll of noise {unknown}
 B - 3 scrolls of vulnerability {unknown}
 I - a scroll of fear {unknown}
 N - 2 scrolls of magic mapping {unknown}
 P - a scroll of amnesia {unknown}
 Y - a scroll of enchant armour {unknown}
Potions
 h - 2 potions of berserk rage
 i - 4 potions of curing
 n - 3 potions of resistance
 t - 4 potions of haste
 v - 2 potions of ambrosia {unknown}
 C - 2 potions of mutation {unknown}
 D - 2 potions of might {unknown}
 H - 3 potions of brilliance {unknown}
 L - 2 potions of lignification {unknown}
 M - a potion of magic
 O - 2 potions of heal wounds


   Skills:
 + Level 7.9(12.9) Fighting
 + Level 8.5(13.5) Axes
 + Level 6.5(11.5) Throwing
 + Level 8.1(13.1) Armour
 + Level 7.7(12.7) Dodging
 + Level 5.3 Invocations


You had 9 spell levels left.
You didn't know any spells.
Your spell library contained the following spells:

 Spells                   Type           Power      Damage    Failure   Level
 Magic Dart               Conj           0%         1d3       58%         1
 Shock                    Conj/Air       0%         1d3       58%         1
 Mephitic Cloud           Conj/Pois/Air  0%         N/A       91%         3
 Swiftness                Air            0%         N/A       91%         3
 Airstrike                Air            0%         2d(0-16)  100%        4
 Fireball                 Conj/Fire      0%         3d3       100%        5
 Starburst                Conj/Fire      0%         6d3       100%        6
 Ignition                 Fire           0%         3d3       100%        8
 Call Imp                 Summ           Unusable   N/A       N/A         2

Dungeon Overview and Level Annotations

Branches:
Dungeon (8/15)             Temple (1/1) D:5           Sewer (visited)
   Lair: D:8-11

Altars:
Ashenzari
Cheibriados
Elyvilon
Fedhas
Gozag
Hepliaklqana
Kikubaaqudgha
Makhleb
Nemelex Xobeh
Okawaru
Qazlal
Ru
Sif Muna
Trog
Vehumet
Wu Jian
Yredelemnul
Zin
The Shining One


Innate Abilities, Weirdness & Mutations

You have a pair of horns on your head.
You reflexively headbutt those who attack you in melee.


Message History

There is a stone staircase leading down here.
Things that are here:
a +0 flail; a +0 spear; a +0 mace You start resting.
HP restored.
You fly downwards.
The boulder beetle closely misses you. The boulder beetle bites you!
There is a stone staircase leading up, spattered with blood here.
You gain the combat prowess of a mighty hero.
The boulder beetle bites you!
You slash the boulder beetle!
The boulder beetle is lightly wounded.
The boulder beetle completely misses you.
You furiously retaliate!
You headbutt the boulder beetle!
You hit the boulder beetle but do no damage.
You headbutt the boulder beetle, but do no damage.
The boulder beetle is moderately wounded.
The boulder beetle bites you!
You slash the boulder beetle!
The boulder beetle is moderately wounded.
The boulder beetle bites you!
You slash the boulder beetle!
The boulder beetle is heavily wounded.
The boulder beetle misses you.
You slash the boulder beetle!
The boulder beetle is severely wounded.
The boulder beetle bites you but does no damage.
You hit the boulder beetle but do no damage.
You headbutt the boulder beetle, but do no damage.
The boulder beetle is severely wounded.
The boulder beetle misses you.
You hit the boulder beetle but do no damage.
You headbutt the boulder beetle, but do no damage.
The boulder beetle is severely wounded.
The boulder beetle bites you!
* * * LOW HITPOINT WARNING * * *
You hit the boulder beetle but do no damage.
The boulder beetle is severely wounded.
The boulder beetle bites you!!
You die...

....# #####
.....#....
......#...
......#..#
......... .. .# #
.......# .##.. .##.
#..[###.....
.....###.[B)#......
#........)@...#
##...)...)##......
......)[.#.#.###..#
........##...# ..
........###..#
......... #.....
..(...... #...#...
...?..... ..(......
.##...............#


You could see a boulder beetle.

Vanquished Creatures
  The ghost of sanka the Fighter, a novice PaTm of Zin (D:7)
  2 spectral unseen horrors (D:7)
  Grinder (D:5)
  Sigmund (D:2)
  A wyvern (D:8)
  A steam dragon (D:6)
  A water moccasin (D:8)
  3 orc warriors
  A black bear (D:6)
  An ice beast (D:5)
  2 ogres
  A centaur (D:7)
  2 phantoms
  3 kobold brigands
  2 bullfrogs
  2 necrophages
  3 scorpions
  5 wights (D:7)
  3 killer bees (D:7)
  2 howler monkeys
  A hound (D:7)
  2 jellies
  4 orc priests
  Crazy Yiuf (D:6)
  Ijyb (D:4)
  2 iguanas (D:5)
  6 orc wizards
  A centaur simulacrum (D:7)
  A spectral howler monkey (D:7)
  Robin (D:2)
  2 gnolls
  8 adders
  A howler monkey skeleton (D:7)
  A river rat (Sewer)
  A shadow imp (D:6)
  A white imp (D:7)
  An ufetubus (D:7)
  5 worms
  3 dart slugs
  33 orcs
  7 bats
  8 endoplasms
  4 giant cockroaches
  17 goblins
  13 hobgoblins
  2 jackals (D:2)
  5 quokkas
  11 ball pythons
  6 frilled lizards
  15 kobolds
  6 rats
208 creatures vanquished.

Vanquished Creatures (others)
  A plant (D:3)
1 creature vanquished.

Grand Total: 209 creatures vanquished

Notes
Turn   | Place    | Note
-------+----------+-------------------------------------------
     0 | D:1      | mtoz the Minotaur Gladiator began the quest for the Orb.
     0 | D:1      | Reached XP level 1. HP: 18/18 MP: 0/0
   437 | D:1      | Reached XP level 2. HP: 21/25 MP: 1/1
  1018 | D:1      | Reached XP level 3. HP: 31/31 MP: 2/2
  1328 | D:2      | Noticed Robin
  1337 | D:2      | Killed Robin
  1339 | D:2      | Reached XP level 4. HP: 27/38 MP: 3/3
  1410 | D:2      | Found a basalt altar of Yredelemnul.
  1450 | D:2      | Noticed Sigmund
  1465 | D:2      | Killed Sigmund
  1466 | D:2      | Reached skill level 5 in Axes
  1466 | D:2      | Reached XP level 5. HP: 29/46 MP: 4/4
  1600 | D:2      | Reached XP level 6. HP: 46/52 MP: 5/5
  1708 | D:2      | Found a faded altar of an unknown god.
  1948 | D:3      | Found a broken altar of Ashenzari.
  2649 | D:4      | Reached skill level 1 in Armour
  2822 | D:4      | Reached skill level 1 in Invocations
  3122 | D:4      | Noticed Ijyb
  3135 | D:4      | Killed Ijyb
  3136 | D:4      | Reached XP level 7. HP: 39/60 MP: 5/7
  3229 | D:4      | You fall into a shaft and drop 1 floor!
  3229 | D:5      | Entered Level 5 of the Dungeon
  3285 | D:5      | Reached skill level 5 in Fighting
  3285 | D:5      | Reached skill level 5 in Dodging
  3876 | D:5      | Found a glowing drain.
  3893 | Sewer    | Entered a sewer
  4313 | D:5      | Found a staircase to the Ecumenical Temple.
  4336 | D:5      | Reached XP level 8. HP: 69/69 MP: 8/8
  4555 | D:5      | Noticed Grinder
  4591 | Temple   | Entered the Ecumenical Temple
  4729 | Temple   | Became a worshipper of Warmaster Okawaru
  4765 | D:5      | Killed Grinder
  5048 | D:6      | Reached * piety under Okawaru
  5056 | D:6      | Reached skill level 5 in Throwing
  5066 | D:6      | Upgraded the game from 0.29.1 to 0.29.1-1-gd02db6906a
  5801 | D:6      | Found a runed translucent door.
  5802 | D:6      | Noticed Crazy Yiuf
  5808 | D:6      | Killed Crazy Yiuf
  5818 | D:6      | Identified the +9 hammer "Qaofoim" {antimagic, Drain rCorr
                  | Int+10}
  6243 | D:7      | Found a runed translucent gate.
  6244 | D:7      | Found a runed translucent gate.
  6246 | D:7      | Found a runed translucent gate.
  6250 | D:7      | Reached ** piety under Okawaru
  6251 | D:7      | Reached skill level 5 in Armour
  6271 | D:7      | Noticed sanka's ghost (novice PaTm)
  6271 | D:7      | Noticed a spectral unseen horror
  6271 | D:7      | Noticed a spectral unseen horror
  6355 | D:7      | Found an opulent altar of Gozag.
  6363 | D:7      | Reached XP level 9. HP: 73/78 MP: 3/10
  7449 | D:7      | Killed sanka's ghost
  7453 | D:7      | Killed a spectral unseen horror
  7453 | D:7      | Reached *** piety under Okawaru
  7459 | D:7      | Killed a spectral unseen horror
  7460 | D:7      | Reached skill level 5 in Invocations
  7662 | D:8      | Reached XP level 10. HP: 65/88 MP: 4/12
  8552 | D:7      | Reached **** piety under Okawaru
  8754 | D:8      | Noticed a boulder beetle
  9135 | D:8      | Slain by a boulder beetle

Illustrated notes

Levels and vault maps discovered:
D:1:      dpeg_arrival_arbitrary_b, layout_loops_cross
D:2:      layout_rooms, shapermc_ecumenical_altar_hornbeckon, basic_altar,
          cheibrodos_gnoll_hut, uniq_robin, uniq_sigmund
D:3:      layout_basic, cheibrodos_ashenzari_chains, serial_curves,
          eino_curves_03, eino_curves_01, serial_bayou_pond_b,
          kennysheep_generic_room_14
D:4:      kennysheep_the_goblin_king, layout_loops_corners
D:5:      layout_loops_ring, minmay_temple_entry_mini_moons,
          cheibrodos_sewer_entry_drain, uniq_grinder
D:6:      layout_loops_ring, uniq_crazy_yiuf_cottage
D:7:      layout_basic, nicolae_gozag_seed_capital, gammafunk_ghost_necromancy,
          grunt_decor_resistance
D:8:      layout_cave_pools, nicolae_ossuary_entry_catacombs, bh_walls_and_bars
Temple:   minmay_temple_bridge_d

Skill      XL: |  1  2  3  4  5  6  7  8  9 10 |
---------------+-------------------------------+-----
Axes           | 4 5 6 7 8 |  8.5
Fighting       | 3 4 5 6 7 |  7.9
Throwing       | 3 4 5 6 |  6.5
Dodging        | 4 5 6 7 |  7.7
Armour         | 1 3 5 7 8 |  8.1
Invocations    | 1 2 3 5 |  5.3

Action                   |  1- 3 |  4- 6 |  7- 9 | 10-12 || total
-------------------------+-------+-------+-------+-------++-------
Melee: War axe           |    77 |   139 |   192 |       ||   408
       Headbutt          |     8 |    14 |    61 |    11 ||    94
       Mace              |       |       |    99 |     9 ||   108
       Punch             |       |       |     3 |       ||     3
       Battleaxe         |       |       |       |    44 ||    44
Throw: Javelin           |       |     1 |       |       ||     1
       Stone             |       |     1 |     7 |     9 ||    17
       Throwing net      |       |     1 |       |       ||     1
       Dart              |       |       |       |     1 ||     1
Invok: Heroism           |       |       |     3 |     1 ||     4
Evoke: Wand              |       |       |       |     1 ||     1
  Use: Scroll            |       |     1 |    10 |       ||    11
Armor: Leather armour    |     7 |       |       |       ||     7
       Ring mail         |    28 |    69 |   160 |    27 ||   284
Dodge: Dodged            |    53 |    94 |   281 |    77 ||   505
